 Dungeon Crawl Stone Soup version 0.22.1-1-ga44c0e5 (webtiles) character file.

3643 gbos the Changer (level 9, 0/77 HPs)
             Began as a Red Draconian Transmuter on Oct 1, 2018.
             Was a Follower of Makhleb.
             Killed from afar by a deep elf mage (20 damage)
             ... with an orb of energy
             ... on level 7 of the Dungeon.
             The game lasted 00:40:45 (10516 turns).

gbos the Changer (Red Draconian Transmuter)        Turns: 10516, Time: 00:40:46

Health: 0/77       AC: 10    Str: 17    XL:     9   Next: 88%
Magic:  11/19      EV: 13    Int: 16    God:    Makhleb [*.....]
Gold:   566        SH:  0    Dex: 12    Spells: 16/22 levels left

rFire    + . .     SeeInvis .     - Unarmed
rCold    . . .     Gourm    .   (no shield)
rNeg     + . .     Faith    .   (armour unavailable)
rPois    .         Spirit   .   (helmet restricted)
rElec    .         Reflect  .   d - scarf {repulsion}
rCorr    .         Harm     .   r - +1 pair of gloves
MR       .....                  o - +0 pair of boots
Stlth    +.........             (no amulet)
HPRegen  0.22/turn              x - ring of positive energy
MPRegen  0.16/turn              f - +4 ring of strength

@: about to teleport, appendage, drained, repel missiles
A: breathe fire, unfitting armour, horns 2, fire resistance 1, cold-blooded, AC
+7
a: Breathe Fire, End Transformation, Renounce Religion


You were on level 7 of the Dungeon.
You worshipped Makhleb.
Makhleb was aware of your devotion.
You were not hungry.
You had grown temporary horns.
You visited 2 branches of the dungeon, and saw 9 of its levels.

You collected 566 gold pieces.

Inventory:

Hand Weapons
 t - a +2 war axe of electrocution
 v - a +2 antimagic dagger
 y - the +8 dagger of Fortitude {pierce, *Corrode rElec MR+++ Int-2}
   (You found it on level 6 of the Dungeon)

   It inflicts extra damage upon your enemies.
   It affects your intelligence (-2).
   It insulates you from electricity.
   It affects your resistance to hostile enchantments.
   It may corrode you when you take damage.
Armour
 d - a scarf of repulsion (worn)
 i - a +0 pair of gloves
 o - a +0 pair of boots (worn)
 r - a +1 pair of gloves (worn)
Jewellery
 f - a +4 ring of strength (right hand)
 g - an uncursed ring of fire
 p - an uncursed amulet of guardian spirit
 q - an uncursed ring of flight
 x - a ring of positive energy (left hand)
Wands
 j - a wand of paralysis (9)
 u - a wand of digging (22)
 w - a wand of iceblast (8)
 I - a wand of polymorph (7)
Scrolls
 b - a scroll of remove curse {unknown}
 e - a scroll of magic mapping {unknown}
 h - a scroll of enchant armour {unknown}
 l - 2 scrolls of teleportation
 G - a scroll of identify
 H - a scroll of enchant weapon {unknown}
Potions
 k - a potion of cancellation {unknown}
 m - a potion of agility
 n - 4 potions of lignification
 s - 2 potions of mutation
 z - a potion of flight {unknown}
 A - a potion of brilliance {unknown}
 B - a potion of ambrosia {unknown}
 C - a potion of magic {unknown}
 J - 2 potions of degeneration {unknown}
Comestibles
 c - 11 rations


   Skills:
 + Level 6.3(5.8) Fighting
 + Level 4.3(3.8) Dodging
 + Level 6.5(6.0) Unarmed Combat
 + Level 7.2(6.6) Spellcasting
 - Level 7.2(6.6) Transmutations
 + Level 3.0(2.5) Invocations


You had 16 spell levels left.
You knew the following spells:

 Your Spells              Type           Power        Failure   Level  Hunger
a - Beastly Appendage     Tmut           ####..       1%          1    None
b - Sticks to Snakes      Tmut           ####....     1%          2    None
c - Spider Form           Tmut/Pois      ###.......   10%         3    ##.....

Your spell library contained the following spells:

 Spells                   Type           Power        Failure   Level  Hunger
 Magic Dart               Conj           #...         13%         1    None
 Shock                    Conj/Air       #...         13%         1    None
 Searing Ray              Conj           #.....       19%         2    None
 Swiftness                Chrm/Air       #.......     19%         2    None
 Blade Hands              Tmut           ####......   22%         5    #####..
 Ice Form                 Ice/Tmut       ###.....     32%         4    ####...
 Dazzling Spray           Conj/Hex       #.....       36%         3    ##.....
 Static Discharge         Conj/Air       #.......     36%         3    ##.....
 Airstrike                Air            #.........   77%         4    ####...
 Force Lance              Conj/Tloc      #.......     77%         4    ####...
 Fulminant Prism          Conj/Hex       #.........   77%         4    ####...
 Iskenderun's Mystic Bla  Conj           #.......     77%         4    ####...
 Lightning Bolt           Conj/Air       #.........   98%         5    #####..


Dungeon Overview and Level Annotations

Branches:
Dungeon (8/15)             Temple (1/1) D:4
   Lair: D:8-11

Altars:
Ashenzari
Cheibriados
Dithmenos
Elyvilon
Fedhas
Gozag
Hepliaklqana
Kikubaaqudgha
Makhleb
Nemelex Xobeh
Okawaru
Qazlal
Ru
Sif Muna
Trog
Uskayaw
Vehumet
Wu Jian
Xom
Yredelemnul
Zin
The Shining One

Shops:
D:5 }


Innate Abilities, Weirdness & Mutations

You can breathe blasts of fire.
Your fiery red scales are hard. (AC +7)
You cannot fit into any form of body armour.
Your flesh is heat resistant. (rF+)
You are cold-blooded and may be slowed by cold attacks.
You have a pair of horns on your head.


Message History

You partially resist.
You feel drained.
* * * LOW HITPOINT WARNING * * *
The wight barely misses you.
There is an escape hatch in the ceiling here.
The wight hits you but does no damage. A mysterious force pulls you upwards.
The hatch slams shut behind you.
The deep elf mage shouts!
The deep elf mage gestures at you while chanting.
The magic dart hits you!
* * * LOW HITPOINT WARNING * * *
As you read the scroll of fog, it crumbles to dust.
The scroll dissolves into smoke.
As you read the scroll of teleportation, it crumbles to dust.
You feel strangely unstable.
The deep elf mage hits you with a rapier.
* * * LOW HITPOINT WARNING * * *
You feel better. The deep elf mage casts a spell at you.
The orb of energy hits you!
You die...

......................>.........#
.##.#########.##.#####..........#
.##.# #..#.....#..........# .##.#
##.#####.#..........# ..#.#
#...[)#.#....#######
..#.###########..#)#.#....##.#.#.
.)..#......<..#§§#.#.#))..#_.#.#.
##..#.........#§e#.#.#.####_.....
....#.........#§@#.#.#...##......
.##.#.........##§§§..#...##..#.#.
.##.#.........##.§.###...###⌠#.#.
.##.#.........###..# #...########
###.#.........# #..# #........# #
#.##......######.###).......### #
#.##......'.......##)##.....'..
###'##..)...#######..#.##.....###
#....)......# #.#..##.....#


You could see a deep elf mage.

Vanquished Creatures
  The ghost of dscm the Chopper, a novice DsGl (D:6)
  Eustachio (D:4)
  2 hungry ghosts (D:7)
  2 water moccasins
  The ghost of bmj180 the Magician, an amateur DEFE (D:3)
  Duvessa (D:6)
  2 ice beasts
  3 sky beasts
  A black bear (D:8)
  An ogre (D:6)
  3 centaurs
  3 bullfrogs
  3 scorpions
  A wight (D:8)
  2 howler monkeys (D:7)
  2 crimson imps
  A hound (D:8)
  A jelly (D:6)
  2 iguanas
  3 orc priests
  6 orc wizards
  A bullfrog skeleton (D:8)
  Ijyb (D:4)
  5 worker ants
  A hound skeleton (D:4)
  A worker ant zombie (D:5)
  7 adders
  6 gnolls (D:7)
  2 shadow imps
  2 oozes (D:1)
  2 adder skeletons
  2 dart slugs
  11 leopard geckos
  21 orcs
  8 giant cockroaches
  10 goblins
  14 hobgoblins
  13 jackals
  4 kobolds
  4 quokkas
  A ball python (D:2)
  4 bats
  4 frilled lizards
  A jackal skeleton (D:5)
  A leopard gecko skeleton (D:6)
  10 rats
178 creatures vanquished.

Vanquished Creatures (collateral kills)
  Sigmund (D:4)
  A yak (D:7)
  Menkaure (D:6)
  2 orc warriors (D:6)
  An ogre (D:7)
  An eye of draining (D:8)
  Dowan (D:5)
  A wight (D:8)
  A jelly (D:5)
  An orc priest (D:6)
  An orc wizard (D:6)
  A bullfrog skeleton (D:3)
  A worker ant (D:7)
  Robin (D:4)
  2 adders
  A gnoll (D:6)
  4 orcs
  3 goblins (D:4)
  A hobgoblin (D:4)
26 creatures vanquished.

Vanquished Creatures (others)
  A frilled lizard (D:4)
1 creature vanquished.

Grand Total: 205 creatures vanquished

Notes
Turn   | Place    | Note
-------+----------+-------------------------------------------
     0 | D:1      | gbos the Draconian Transmuter began the quest for the Orb.
     0 | D:1      | Reached XP level 1. HP: 16/16 MP: 3/3
   198 | D:1      | Reached XP level 2. HP: 24/24 MP: 1/5
   438 | D:1      | You fall through a shaft!
   452 | D:2      | Reached XP level 3. HP: 20/30 MP: 6/6
   544 | D:2      | Learned a level 2 spell: Sticks to Snakes
   843 | D:2      | Found a sacrificial altar of Ru.
  1379 | D:3      | Reached XP level 4. HP: 26/38 MP: 4/7
  1474 | D:3      | You fall through a shaft for 3 floors!
  1487 | D:5      | Entered Level 5 of the Dungeon
  1547 | D:5      | Noticed a centaur
  1566 | D:5      | Killed a centaur
  1566 | D:5      | Reached XP level 5. HP: 14/46 MP: 1/8
  2038 | D:3      | Found a faded altar of an unknown god.
  2249 | D:3      | Found a large runed door.
  2254 | D:3      | Found a large runed door.
  2350 | D:3      | Noticed bmj180's ghost (amateur DEFE)
  2614 | D:4      | Reached skill level 5 in Unarmed Combat
  2662 | D:4      | Noticed Ijyb
  2671 | D:4      | Killed Ijyb
  2671 | D:4      | Reached XP level 6. HP: 47/53 MP: 6/9
  2877 | D:4      | Noticed Sigmund
  3070 | D:5      | Found Fahoalab's Gadget Shoppe.
  3399 | D:5      | Found a shattered altar of Ashenzari.
  3716 | D:5      | Reached skill level 5 in Fighting
  4081 | D:4      | Noticed a water moccasin
  4094 | D:4      | Killed a water moccasin
  4094 | D:4      | Your scales start taking on a fiery red colour.
  4094 | D:4      | Reached XP level 7. HP: 61/61 MP: 4/10
  4094 | D:4      | Gained mutation: Your flesh is heat resistant. (rF+) [Red
                  | Draconian growth]
  4824 | D:6      | Found a runed door.
  4824 | D:6      | Noticed dscm's ghost (novice DsGl)
  4912 | D:6      | Got an encrusted dagger
  4913 | D:6      | Identified the +8 dagger of Fortitude {pierce, *Corrode
                  | rElec MR+++ Int-2} (You found it on level 6 of the Dungeon)
  4984 | D:6      | Noticed Dowan
  4991 | D:6      | Noticed Duvessa
  5168 | D:6      | Reached XP level 8. HP: 39/68 MP: 5/14
  5318 | D:6      | Found a shimmering altar of Xom.
  5351 | D:6      | Killed Duvessa
  5473 | D:5      | Killed Dowan
  5578 | D:6      | Noticed Menkaure
  5626 | D:7      | Reached skill level 5 in Transmutations
  5676 | D:7      | Found an opulent altar of Gozag.
  5754 | D:7      | Found an ancient bone altar of Kikubaaqudgha.
  6054 | D:7      | Reached skill level 5 in Spellcasting
  6059 | D:7      | Learned a level 3 spell: Spider Form
  6590 | D:7      | Found an ornate altar of the Wu Jian Council.
  6590 | D:7      | Found a shadowy altar of Dithmenos.
  6716 | D:7      | Noticed a deep elf mage
  6745 | D:6      | Killed Menkaure
  7047 | D:6      | Found a glowing golden altar of the Shining One.
  7316 | D:4      | Found a staircase to the Ecumenical Temple.
  7327 | Temple   | Entered the Ecumenical Temple
  7336 | Temple   | Became a worshipper of Makhleb the Destroyer
  7493 | D:4      | Noticed Eustachio
  7509 | D:4      | Noticed Robin
  7527 | D:4      | Killed Robin
  7580 | D:4      | Reached XP level 9. HP: 43/74 MP: 16/18
  7610 | D:4      | Killed Eustachio
  7646 | D:4      | Reached * piety under Makhleb
  8418 | D:4      | Killed Sigmund
  8862 | D:3      | Killed bmj180's ghost
  9044 | D:6      | Killed dscm's ghost
  9044 | D:6      | Reached skill level 1 in Invocations
  9291 | D:7      | Identified a scroll of acquirement
 10516 | D:7      | Killed from afar by a deep elf mage

Skill      XL: |  1  2  3  4  5  6  7  8  9 |
---------------+----------------------------+-----
Fighting       | 2 3 4 5 6 |  6.3
Unarmed Combat | 4 5 6 |  6.5
Dodging        | 2 3 4 |  4.3
Transmutations | 4 6 7 |  7.2
Spellcasting   | 4 6 7 |  7.2
Invocations    | 3 |  3.0

Action                   |  1- 3 |  4- 6 |  7- 9 || total
-------------------------+-------+-------+-------++-------
Melee: Unarmed           |   120 |   210 |   459 ||   789
       Kick              |    10 |       |       ||    10
       Tailslap          |    11 |    28 |    53 ||    92
       Headbutt          |     2 |    31 |    75 ||   108
       Punch             |     1 |     3 |     7 ||    11
 Cast: Beastly Appendage |    28 |    34 |    58 ||   120
       Sticks to Snakes  |     2 |    14 |   118 ||   134
 Abil: Breathe Fire      |       |       |     2 ||     2
Evoke: Wand              |       |       |     5 ||     5
  Use: Scroll            |     2 |     4 |     9 ||    15
       Potion            |       |     4 |     4 ||     8
 Stab: Sleeping          |     1 |       |       ||     1
       Distracted        |       |       |     1 ||     1
  Eat: Chunk             |     2 |    11 |    12 ||    25
       Ration            |       |       |     6 ||     6
Armor: Skin              |    29 |    65 |   161 ||   255
Dodge: Dodged            |    74 |   109 |   321 ||   504
       Deflected         |       |     1 |     8 ||     9
